 Dungeon Crawl Stone Soup version 0.19.1 (webtiles) character file.

187 empire the Ruffian (level 5, -1/46 HPs)
             Began as a Ghoul Monk on Dec 8, 2016.
             Killed by divine providence
             ... invoked by an orc priest
              (9 damage)
             ... on level 3 of the Dungeon.
             The game lasted 00:09:58 (2585 turns).

empire the Ruffian (Ghoul Monk)                     Turns: 2585, Time: 00:10:00

Health: -1/46      AC:  5    Str: 15 (16) XL:     5   Next: 66%
Magic:  4/4        EV: 12    Int:  5      God:
Gold:   109        SH:  0    Dex:  9 (11) Spells: 0 memorised, 4 levels left

rFire  . . .     SeeInvis .       - Unarmed
rCold  + . .     Gourm    .     o - +0 leather armour
rNeg   + + +     Faith    .     (no shield)
rPois  ∞         Spirit   .     (no helmet)
rElec  .         Reflect  .     j - +1 cloak
rCorr  .         Harm     .     (no gloves)
MR     .....                    (no boots)
Stlth  ++........               (no amulet)
                                (no ring)
                                (no ring)

@: very slightly contaminated, rotting, slowed, very slow
A: rotting body, claws 1, carnivore 3, cold resistance 1, negative energy
resistance 3, slow regeneration 1, torment resistance, unbreathing
a: no special abilities


You were on level 3 of the Dungeon.
You were not hungry.

You visited 1 branch of the dungeon, and saw 3 of its levels.

You collected 109 gold pieces.

Inventory:

Hand Weapons
 a - a +0 short sword
 h - a +0 blowgun
Missiles
 g - 17 poisoned needles
 k - 41 arrows
Armour
 j - a +1 cloak (worn)
 o - a +0 leather armour (worn)
Scrolls
 d - 2 scrolls of identify
 f - a scroll of remove curse
 m - a scroll of teleportation
 p - a scroll of enchant armour
 q - a scroll of blinking
Potions
 c - 2 potions of heal wounds
 e - a potion of haste
 l - a potion of flight
 n - 4 potions of curing
Comestibles
 b - 3 meat rations
 i - 2 beef jerkies


   Skills:
 + Level 4.2 Fighting
 + Level 1.5 Armour
 + Level 3.4 Dodging
 + Level 3.4 Stealth
 + Level 4.3 Unarmed Combat


You had 4 spell levels left.
You didn't know any spells.

Dungeon Overview and Level Annotations

Branches:
Dungeon (3/15)

Altars:
Ashenzari
Trog


Innate Abilities, Weirdness & Mutations

Your body is rotting away.
You thrive on raw meat.
You are immune to poison.
You have sharp fingernails.
You are carnivorous and can eat meat at any time.
Your flesh is cold resistant. (rC+)
You are immune to negative energy. (rN+++)
You regenerate slowly when monsters are visible.
You are immune to unholy pain and torment.
You can survive without breathing.


Message History

Your extra speed is starting to run out.
The orc priest hits you with a club.
You scratch the orc priest but do no damage.
You scratch the orc priest but do no damage.
The orc priest calls down the wrath of Beogh upon you.
Beogh smites you!
* * * LOW HITPOINT WARNING * * *
You hear a shout!
You scratch the orc priest but do no damage.
The orc priest misses you.
The orc priest looks satisfied for a moment.
You claw the orc priest!
The orc priest is heavily wounded.
The orc priest hits you but does no damage.
You barely miss the orc priest.
The orc priest is heavily wounded.
You feel yourself slow down.
The orc priest mumbles some strange prayers to Beogh against you.
Beogh smites you!
You die...

.# #..# #...#.#
.####..# ##...#..
.......#
###########...##.#
.......#
#.............##.#
..####.#
#.######.....###.#
..# #.# #.#
#....## #..
..####.# #.#
#...## # .......#
#.# #..## .#######
#@# #.## .# #o#
### .# #o# .# {o.
.####### ###
.......# .#######
.# ..


You could see 2 orc priests and an orc.

Vanquished Creatures
  An orc priest (D:3)
  An orc wizard (D:3)
  7 adders
  3 worms (D:2)
  2 dart slugs (D:3)
  A leopard gecko (D:3)
  2 orcs (D:3)
  2 ball pythons (D:3)
  3 giant cockroaches
  5 goblins
  6 hobgoblins
  2 jackals (D:1)
  A quokka (D:2)
  8 bats
  3 frilled lizards
  4 kobolds
  6 rats
57 creatures vanquished.

Notes
Turn   | Place    | Note
-------+----------+-------------------------------------------
     0 | D:1      | empire the Ghoul Monk began the quest for the Orb.
     0 | D:1      | Reached XP level 1. HP: 19/19 MP: 0/0
   439 | D:1      | Reached XP level 2. HP: 20/25 MP: 1/1
   966 | D:2      | Reached XP level 3. HP: 25/30 MP: 2/2
  1204 | D:2      | Reached skill level 1 in Armour
  1503 | D:2      | Reached XP level 4. HP: 39/40 MP: 3/3
  2117 | D:3      | Found a bloodstained altar of Trog.
  2117 | D:3      | Found a shattered altar of Ashenzari.
  2398 | D:3      | Reached XP level 5. HP: 31/44 MP: 4/4
  2548 | D:3      | HP: 1/43 [orc wizard/magic dart (10)]
  2585 | D:3      | Killed from afar by an orc priest

Skill      XL: |  1  2  3  4 |
---------------+-------------+-----
Dodging        | 3 |  3.4
Armour         | 1 |  1.5
Fighting       | 4 |  4.2
Stealth        | 3 |  3.4
Unarmed Combat | 4 |  4.3

Action                   |  1- 3 |  4- 6 || total
-------------------------+-------+-------++-------
Melee: Unarmed           |   103 |   112 ||   215
       Punch             |     1 |     1 ||     2
  Use: Scroll            |     7 |     4 ||    11
       Potion            |       |     6 ||     6
 Stab: Sleeping          |     2 |     1 ||     3
  Eat: Chunk             |    24 |     9 ||    33
Armor: Robe              |    14 |       ||    14
       Leather armour    |     6 |    47 ||    53
Dodge: Dodged            |    52 |   101 ||   153
